 Dungeon Crawl Stone Soup version 0.31-a0-803-g95b03c3367 (webtiles) character file.

Game seed: 14246676322691732517

2881 Flugkiller the Arsonist (level 9, -5/45 HPs)
             Began as a Deep Elf Fire Elementalist on Sept 21, 2023.
             Hit by a large rock thrown by a cyclops (36 damage)
             ... on level 7 of the Dungeon.
             The game lasted 00:09:24 (6061 turns).

Flugkiller the Arsonist (DEFE)                      Turns: 6061, Time: 00:09:25

Health: -5/45      AC:  7    Str: 11    XL:     9   Next: 48%
Magic:  29/32      EV: 12    Int: 28    God:
Gold:   335        SH:  0    Dex: 15    Spells: 12/24 levels left

rFire   . . .        y - +4 spear (freeze)
rCold   . . .        (no shield)
rNeg    . . .        l - +1 leather armour of Enuqilan {Int+3}
rPois   .            (no helmet)
rElec   .            (no cloak)
rCorr   .            F - +2 pair of gloves
SInv    .            (no boots)
Will    .....        (no amulet)
Stlth   ++           i - ring of magical power
HPRegen 0.27/turn    k - +6 ring of strength
MPRegen 0.23/turn

%: no passive effects
@: studying Short Blades
A: no striking features
a: no special abilities


You were on level 7 of the Dungeon.
You visited 2 branches of the dungeon, and saw 8 of its levels.
You also visited: Sewer.

You collected 395 gold pieces.
You spent 60 gold pieces at shops.

Inventory:

Hand Weapons
 f - a +2 short sword of holy wrath
   (You took it off a kobold on level 1 of the Dungeon)
 y - a +4 spear of freezing (weapon)
   (You took it off a wight on level 5 of the Dungeon)
 B - a +3 scimitar
   (You took it off a wight on level 5 of the Dungeon)
Armour
 a - a +0 robe
 l - the +1 leather armour of Enuqilan (worn) {Int+3}
   (You found it on level 2 of the Dungeon)

   Int+3:     It affects your intelligence (+3).
 F - a +2 pair of gloves (worn)
   (You found it on level 6 of the Dungeon)
Jewellery
 i - a ring of magical power (left hand)
   (You found it on level 2 of the Dungeon)
 k - a +6 ring of strength (right hand)
   (You found it on level 2 of the Dungeon)
 s - a ring of wizardry
   (You found it on level 3 of the Dungeon)
Wands
 m - a wand of mindburst (22)
   (You found it on level 2 of the Dungeon)
 E - a wand of flame (19)
   (You found it on level 5 of the Dungeon)
Scrolls
 e - 4 scrolls of enchant weapon
 o - a scroll of poison {unknown}
 p - 2 scrolls of vulnerability
 r - a scroll of fog {unknown}
 t - 3 scrolls of teleportation
 u - 2 scrolls of fear
 v - a scroll of torment {unknown}
 x - a scroll of amnesia {unknown}
 A - 2 scrolls of enchant armour {unknown}
 G - a scroll of brand weapon {unknown}
 H - a scroll of immolation {unknown}
Potions
 b - 2 potions of magic
 c - a potion of berserk rage
 d - 2 potions of mutation {unknown}
 g - a potion of attraction {unknown}
 h - 2 potions of invisibility
 j - 2 potions of degeneration {unknown}
 n - 2 potions of enlightenment
 q - 3 potions of curing {unknown}
 w - a potion of heal wounds
 z - a potion of ambrosia {unknown}
 C - 2 potions of lignification {unknown}
 D - a potion of resistance {unknown}
 I - a potion of haste {unknown}


   Skills:
 - Level 2.4 Dodging
 - Level 2.4 Stealth
 + Level 8.3 Spellcasting
 * Level 9.2 Conjurations
 * Level 9.7 Fire Magic


You had 12 spell levels left.
You knew the following spells:

 Your Spells              Type           Power      Damage    Failure   Level
a - Foxfire               Conj/Fire      100%       2x1d9     1%          1
b - Scorch                Fire           100%       2d9       1%          2
d - Flame Wave            Conj/Fire      59%        2d14      1%          4
e - Fireball              Conj/Fire      29%        3d13      3%          5

Your spell library contained the following spells:

 Spells                   Type           Power      Damage    Failure   Level
 Sticky Flame             Conj/Fire      59%        2d7       1%          4
 Inner Flame              Hex/Fire       38%        N/A       2%          3
 Volatile Blastmotes      Fire/Tloc      76%        2d16      2%          3
 Ignite Poison            Fire/Tmut/Pois 29%        N/A       4%          3
 Mephitic Cloud           Conj/Pois/Air  28%        N/A       5%          3
 Apportation              Tloc           22%        N/A       6%          1
 Sting                    Tmut/Pois      44%        1d5       6%          1
 Ensorcelled Hibernation  Hex/Ice        22%        N/A       10%         2
 Jinxbite                 Hex            22%        N/A       10%         2
 Passwall                 Tmut/Erth      9%         N/A       10%         2
 Poisonous Vapours        Pois/Air       22%        N/A       10%         2
 Ozocubu's Armour         Ice            11%        N/A       19%         3
 Swiftness                Air            11%        N/A       19%         3
 Freezing Cloud           Conj/Ice/Air   14%        6-21      45%         5
 Cause Fear               Hex            5%         N/A       54%         4
 Olgreb's Toxic Radiance  Pois           11%        N/A       54%         4
 Alistair's Intoxication  Tmut/Pois      7%         N/A       87%         5
 Ozocubu's Refrigeration  Ice            5%         4d8       100%        7
 Ignition                 Fire           30%        3d10      100%        8
 Dragon's Call            Summ           5%         N/A       100%        9


Dungeon Overview and Level Annotations

Branches:
Dungeon (7/15) Zot: 26462  Temple (1/1) D:6 Zot: 5998   Sewer (visited)

Altars:
Dithmenos
Gozag
Hepliaklqana
Makhleb
Okawaru
Sif Muna
Trog
Wu Jian
Xom
Zin

Shops:
D:2 *


Message History

The foxfire hits the vampire mosquito.
The vampire mosquito is heavily damaged.
Casting: Foxfire (safe; 1% risk of failure)
Confirm with . or Enter, or press ? or * to list all spells.
You conjure some foxfire!
The foxfire hits the vampire mosquito!
The vampire mosquito is almost destroyed.
The foxfire hits the vampire mosquito.
You destroy the vampire mosquito!
Your Conjurations skill increases to level 9!
Casting: Foxfire (safe; 1% risk of failure)
Confirm with . or Enter, or press ? or * to list all spells.
You conjure some foxfire!
The foxfire hits the vampire mosquito.
The vampire mosquito is moderately damaged.
The foxfire hits the vampire mosquito.
The vampire mosquito is moderately damaged.
The vampire mosquito closely misses you.
Casting: Foxfire (safe; 1% risk of failure)
Confirm with . or Enter, or press ? or * to list all spells.
You conjure some foxfire!
The foxfire hits the vampire mosquito.
The vampire mosquito is heavily damaged.
The foxfire hits the vampire mosquito.
The vampire mosquito is heavily damaged.
The vampire mosquito bites you.
The vampire mosquito draws strength from your injuries!
The vampire mosquito misses you.
Casting: Foxfire (safe; 1% risk of failure)
Confirm with . or Enter, or press ? or * to list all spells.
You conjure some foxfire!
The foxfire hits the vampire mosquito.
The vampire mosquito is moderately damaged.
The foxfire hits the vampire mosquito.
The vampire mosquito is heavily damaged.
The vampire mosquito misses you.
The vampire mosquito bites you but does no damage.
Casting: Foxfire (safe; 1% risk of failure)
Confirm with . or Enter, or press ? or * to list all spells.
You conjure some foxfire!
The foxfire hits the vampire mosquito but does no damage.
The vampire mosquito is heavily damaged.
The foxfire hits the vampire mosquito!
The vampire mosquito is almost destroyed.
The vampire mosquito bites you.
The vampire mosquito draws strength from your injuries!
The vampire mosquito bites you but does no damage.
Casting: Foxfire (safe; 1% risk of failure)
Confirm with . or Enter, or press ? or * to list all spells.
You conjure some foxfire!
The foxfire hits the vampire mosquito.
The vampire mosquito is almost destroyed.
The foxfire hits the vampire mosquito.
You destroy the vampire mosquito!
You see here a vampire mosquito corpse.
Your foxfire dissipates!
Things that are here:
a +0 dagger; a +0 robe Your foxfire dissipates!
A cyclops comes into view.
The cyclops moves out of view.
The cyclops shouts!
The cyclops throws a large rock.
The large rock barely misses you.
A cyclops is nearby!
You see here a hound skeleton.
You start resting.
HP restored.
Casting: Foxfire (safe; 1% risk of failure)
Confirm with . or Enter, or press ? or * to list all spells.
You can't see any susceptible monsters within range! (Use Z to cast anyway.)
Casting: Foxfire (safe; 1% risk of failure)
Confirm with . or Enter, or press ? or * to list all spells.
Okay, then.
Casting: Fireball (quite dangerous; 3% risk of failure)
Confirm with . or Enter, or press ? or * to list all spells.
Aiming: Fireball (quite dangerous; 3% risk of failure)
Press: ? - help, Shift-Dir - straight line, f - cyclops
Aim: a cyclops, quivering large rocks (wandering, hasn't noticed you)
The fireball explodes!
The fireball engulfs the cyclops!!
The cyclops is heavily wounded.
You hear a shout!
The cyclops throws a large rock.
The large rock closely misses you.
Casting: Fireball (quite dangerous; 3% risk of failure)
Confirm with . or Enter, or press ? or * to list all spells.
Aiming: Fireball (quite dangerous; 3% risk of failure)
Press: ? - help, Shift-Dir - straight line, f/p - cyclops
Aim: a cyclops, quivering large rocks (heavily wounded)
The fireball explodes!
The fireball engulfs the cyclops!
The cyclops is almost dead.
Casting: Fireball (quite dangerous; 3% risk of failure)
Confirm with . or Enter, or press ? or * to list all spells.
Aiming: Fireball (quite dangerous; 3% risk of failure)
Press: ? - help, Shift-Dir - straight line, f/p - cyclops
Aim: a cyclops, quivering large rocks (almost dead)
The fireball explodes!
The fireball engulfs the cyclops.
The cyclops is almost dead.
The cyclops throws a large rock.
The large rock hits you!
You start resting.
HP restored.
A cyclops comes into view.
The cyclops shouts!
The cyclops throws a large rock.
The large rock hits you!
The cyclops throws a large rock.
The large rock hits you!!!
Ouch! That really hurt!
You die...

.....####### #...#####...#....##
.....##....####...........#......
.....##......##.................#
.............##.........##......#
.............##.................[
.................................
.................#+.<............
.##.##....#......#......##.......
(....+....#.....@<......####.....
##.###....#.............# #.....
.....+.................## #.....
#...##...............>.#####.....
###...###........#.....#.........
###............................
..####...##....................
...###........C..............
##.8###....###...........###


You could see a cyclops.

Vanquished Creatures
  3 vampire mosquitoes (D:7)
  4 water moccasins
  An ice beast (D:7)
  An orc warrior (D:4)
  A black bear (D:5)
  2 sky beasts
  An ogre (D:5)
  A centaur (D:5)
  A phantom (D:5)
  2 kobold brigands (D:6)
  2 bullfrogs
  2 scorpions
  4 wights
  A howler monkey (D:6)
  A crimson imp (D:5)
  2 jellies
  5 hounds
  2 sleepcaps (D:6)
  An orc priest (D:3)
  6 iguanas
  An orc wizard (D:7)
  A hell rat (Sewer)
  Robin (D:3)
  3 gnolls (D:4)
  4 adders
  2 river rats (Sewer)
  A shadow imp (D:7)
  A white imp (D:6)
  An ufetubus (D:6)
  2 worms (D:5)
  2 dart slugs
  12 orcs
  8 endoplasms
  6 giant cockroaches
  5 hobgoblins
  11 jackals
  13 kobolds
  6 quokkas
  6 ball pythons
  4 bats
  4 frilled lizards
  17 goblins
  12 rats
166 creatures vanquished.

Vanquished Creatures (others)
  548 foxfires
548 creatures vanquished.

Grand Total: 714 creatures vanquished

Notes
Turn   | Place    | Note
-------+----------+-------------------------------------------
     0 | D:1      | Flugkiller the Deep Elf Fire Elementalist began the quest
                  | for the Orb.
     0 | D:1      | Reached XP level 1. HP: 10/10 MP: 6/6
   313 | D:1      | Reached XP level 2. HP: 14/15 MP: 8/8
   320 | D:1      | Learned a level 2 spell: Scorch
   988 | D:2      | Reached XP level 3. HP: 19/19 MP: 9/9
  1158 | D:2      | Found Bacaschia's Assorted Antiques.
  1163 | D:2      | Bought a scroll labelled JUNWYFUJIK for 21 gold pieces
  1163 | D:2      | Bought a scroll labelled KUSOUTR ARHOIM for 21 gold pieces
  1163 | D:2      | Bought a fizzy black potion for 18 gold pieces
  1310 | D:2      | Found a faded altar of an unknown god.
  1608 | D:2      | Identified the +1 leather armour of Enuqilan {Int+3}
  2000 | D:3      | Reached XP level 4. HP: 24/24 MP: 11/11
  2728 | D:3      | Noticed Robin
  2745 | D:3      | Killed Robin
  2747 | D:3      | Reached XP level 5. HP: 20/28 MP: 6/13
  3031 | D:4      | Found a shadowy altar of Dithmenos.
  3041 | D:4      | Reached skill level 5 in Fire Magic
  3874 | D:4      | Reached XP level 6. HP: 32/32 MP: 14/14
  3875 | D:4      | Noticed an orc warrior
  3894 | D:4      | Killed an orc warrior
  3905 | D:4      | You fall into a shaft and drop 1 floor!
  3905 | D:5      | Entered Level 5 of the Dungeon
  3919 | D:5      | Reached skill level 5 in Spellcasting
  3937 | D:5      | Reached skill level 5 in Conjurations
  3947 | D:5      | Reached XP level 7. HP: 24/36 MP: 6/17
  4119 | D:5      | Found a burning altar of Makhleb.
  4120 | D:5      | Found a shimmering altar of Xom.
  4247 | D:5      | Found a glowing drain.
  4304 | Sewer    | Entered a sewer
  4504 | Sewer    | Learned a level 4 spell: Flame Wave
  4510 | Sewer    | Learned a level 5 spell: Fireball
  4518 | Sewer    | Reached XP level 8. HP: 41/41 MP: 19/19
  4945 | D:6      | Found an ornate altar of the Wu Jian Council.
  5197 | D:6      | Found a staircase to the Ecumenical Temple.
  5242 | Temple   | Entered the Ecumenical Temple
  5608 | D:7      | Reached XP level 9. HP: 43/45 MP: 15/22
  5986 | D:7      | Noticed a cyclops
  6050 | D:7      | Noticed a cyclops
  6061 | D:7      | Hit by a large rock thrown by a cyclops

Illustrated notes

Levels and vault maps discovered:
D:1:      heliophobic_arrival_ceremonial_halls, layout_loops_ring
D:2:      layout_loops_corners, hellmonk_ecumenical_altar_leap_of_faith,
          serial_shops, shop_statue, minmay_fractal_squares_5
D:3:      layout_loops_corners, minivault_25, minmay_misc_feat_square,
          uniq_robin
D:4:      layout_basic, mainiacjoe_overflow_concentric_impassable,
          glass_columns_b, minmay_small_thing
D:5:      layout_basic, grunt_temple_overflow_champion_of_chaos,
          gup_sewer_entry_bubbles, hangedman_abyss_or_decor_stagger
D:6:      layout_cave_pools, nicolae_wu_jian_wuxing_cycle,
          minmay_temple_entry_offerings, glass_columns_b, grunt_ministairs_9,
          minmay_diced_spiral
D:7:      minmay_the_grid_triangle_9x9_rhombus_thin
          [minmay_the_grid_triangle_9x9_sprig,
          minmay_the_grid_triangle_9x9_prize_top_heavy,
          minmay_the_grid_triangle_9x9_alien,
          minmay_the_grid_triangle_9x9_shrine], layout_basic
Temple:   nicolae_temple_two_arcs

Skill      XL: |  1  2  3  4  5  6  7  8  9 |
---------------+----------------------------+-----
Conjurations   | 2 3 4 5 6 8 9 |  9.2
Fire Magic     | 4 5 6 7 8 9 |  9.7
Spellcasting   | 4 5 6 7 8 |  8.3
Dodging        | |  2.4
Stealth        | |  2.4

Action                     |  1- 3 |  4- 6 |  7- 9 || total
---------------------------+-------+-------+-------++-------
  Melee: Short sword       |     9 |     9 |       ||    18
         Unarmed           |     1 |       |       ||     1
         Spear             |       |       |     7 ||     7
   Cast: Foxfire           |   110 |   109 |   139 ||   358
         Scorch            |     2 |     8 |    37 ||    47
         Flame Wave        |       |       |     6 ||     6
         Fireball          |       |       |     3 ||     3
  Evoke: Wand              |       |       |     4 ||     4
    Use: Scroll            |     2 |     2 |     1 ||     5
         Potion            |       |     2 |     1 ||     3
   Stab: Distracted        |       |     1 |       ||     1
 Armour: Robe              |    12 |       |       ||    12
         Leather armour    |     3 |    20 |    36 ||    59
  Dodge: Dodged            |    23 |    24 |    37 ||    84

Table legend: (Time is in decaauts)
 A = Elapsed time spent in this place.
 B = Non-inter-level travel time spent in this place.
 C = Inter-level travel time spent in this place.
 D = Time resting spent in this place.
 E = Time spent auto-exploring this place.
 F = Levels seen in this place.
 G = Mean time per level.
                   A        B        C        D        E       F      G
               +--------+--------+--------+--------+--------+-----+--------+
         Total |   6115 |   5952 |    163 |    930 |   3535 |   9 |  679.4 |
       Dungeon |   5857 |   5694 |    163 |    790 |   3534 |   7 |  836.7 |
        Temple |      1 |      1 |      0 |      0 |      0 |   1 |    1.0 |
         Sewer |    255 |    255 |      0 |    140 |      1 |   1 |  255.0 |
               +--------+--------+--------+--------+--------+-----+--------+

Top non-repeatable levels by time:
     D:3: 1230 daAuts
     D:2: 948 daAuts
     D:4: 873 daAuts
     D:1: 851 daAuts
     D:5: 774 daAuts
     D:6: 642 daAuts
     D:7: 536 daAuts
   Sewer: 255 daAuts
  Temple: 1 daAuts
